 Dungeon Crawl Stone Soup version 0.32-a0-938-g40ac7a0f4d (webtiles) character file.

Game seed: 14523225122914593618

805 javelincjr the Trooper (level 7, -6/66 HPs)
             Began as a Minotaur Berserker on Apr 15, 2024.
             Was a Believer of Trog.
             Mangled by Duvessa
             ... wielding a +0 short sword
              (11 damage)
             ... on level 4 of the Dungeon.
             The game lasted 00:10:41 (2842 turns).

javelincjr the Trooper (Minotaur Berserker)         Turns: 2842, Time: 00:10:41

Health: -6/66      AC: 10    Str: 30    XL:     7   Next: 60%
Magic:  6/6        EV: 11    Int:  4    God:    Trog [**....]
Gold:   77         SH:  5    Dex: 10    Spells: 6/6 levels left

rFire   . . .        s - +0 war axe
rCold   . . .        r - orb {mayhem}
rNeg    . . .        f - +3 ring mail of Lugonu's Pride {Str+7}
rPois   .            (helmet restricted)
rElec   .            x - +0 cloak
rCorr   .            (no gloves)
SInv    .            (no boots)
Will    ++...        A - amulet of reflection Stlth
                     (no ring)
HPRegen 1.31/turn    (no ring)
MPRegen 0.10/turn

%: mayhem, reflection
@: strong-willed, regenerating
A: horns 2, retaliatory headbutt
a: Renounce Religion, Berserk, Trog's Hand


You were on level 4 of the Dungeon.
You worshipped Trog.
Trog was pleased with you.
You visited 1 branch of the dungeon, and saw 4 of its levels.

You collected 207 gold pieces.
You spent 130 gold pieces at shops.

Inventory:

Hand Weapons
 h - a +1 dagger of venom
 o - a +1 flail of holy wrath
 p - a +0 spear
 s - a +0 war axe (weapon)
 w - a +2 quarterstaff of chaos
Missiles
 n - 4 throwing nets
 u - 4 poisoned darts (quivered)
Armour
 f - the +3 ring mail of Lugonu's Pride (worn) {Str+7}
   (You found it on level 2 of the Dungeon)

   Str+7:     It affects your strength (+7).
 j - a +0 scale mail of willpower
 r - an orb of mayhem (worn)
 x - a +0 cloak (worn)
 y - a +0 plate armour
Jewellery
 A - an amulet of reflection (around neck)
Wands
 k - a wand of flame (22)
 v - a wand of warping (5)
Scrolls
 a - a scroll of vulnerability {unknown}
 c - 3 scrolls of identify {unknown}
 d - a scroll of enchant armour {unknown}
 g - 2 scrolls of enchant weapon {unknown}
 i - a scroll of acquirement {unknown}
 m - 3 scrolls of blinking {unknown}
 q - a scroll of teleportation {unknown}
 t - a scroll of silence {unknown}
 B - a scroll of butterflies {unknown}
Potions
 e - a potion of lignification {unknown}
 l - a potion of ambrosia {unknown}
 z - a potion of brilliance {unknown}


   Skills:
 * Level 7.2 Fighting
 + Level 5.7 Axes
 + Level 5.0 Armour
 + Level 4.4 Dodging
 + Level 1.6 Evocations


You had 6 spell levels left.
You didn't know any spells.
Your spell library was empty.

Dungeon Overview and Level Annotations

Branches:
Dungeon (4/15)
 Temple: D:4-7

Altars:
Gozag
Nemelex Xobeh

Shops:
D:2 *

Annotations:
D:4 Duvessa


Innate Abilities, Weirdness & Mutations

You have a pair of horns on your head.
You reflexively headbutt those who attack you in melee.


Message History

You kill Dowan!
Trog accepts your kill.
Trog appreciates your killing of a magic user.
You hear a distant scream of rage.
Your Armour skill increases to level 5!
Duvessa, Sister of Dowan comes into view.
She is wielding a +0 short sword.
Things that are here:
a +0 dagger; a +0 robe; the elf corpse of Dowan Duvessa goes berserk!
You see here a scroll labelled YNAOTHRA GAECK.
B - a scroll labelled YNAOTHRA GAECK You slash Duvessa!
Duvessa is moderately wounded.
Duvessa hits you with a +0 short sword! Duvessa misses you.
Your skin crawls.
You feel strong-willed. Duvessa misses you.
You hit Duvessa but do no damage.
Duvessa is moderately wounded.
Duvessa hits you with a +0 short sword! x2
* * * LOW HITPOINT WARNING * * *
You closely miss Duvessa.
Duvessa is moderately wounded.
Duvessa hits you with a +0 short sword.
* * * LOW HITPOINT WARNING * * *
Duvessa hits you with a +0 short sword!
* * * LOW HITPOINT WARNING * * *
It was a potion of heal wounds.
You feel much better. Duvessa hits you with a +0 short sword!
* * * LOW HITPOINT WARNING * * *
You hit Duvessa. You headbutt Duvessa!
Duvessa is heavily wounded.
Duvessa barely misses you. Duvessa hits you with a +0 short sword.
* * * LOW HITPOINT WARNING * * *
You slash Duvessa!
Duvessa is severely wounded.
Duvessa hits you with a +0 short sword.
* * * LOW HITPOINT WARNING * * *
Duvessa hits you with a +0 short sword!
You die...

#.#....#...................
# #.#..........###.###.....
..#...........##..##.....
..............##.........
...............#......#.#
............#.......#.##.
...........###......#....
...........###......#...#
.......e@...........#....
.....###.†.####'#........
.... #....# §≈≈#..†).... .
......#§>§§#........
.......#≈_§§#....###.
.........#≈§§§#.#......
.........######........
...#................... ...
....####.......


You could see Duvessa (berserk).

Vanquished Creatures
  Grinder (D:3)
  Sigmund (D:3)
  A scorpion (D:4)
  Dowan (D:4)
  3 hounds (D:4)
  Crazy Yiuf (D:3)
  Terence (D:3)
  Robin (D:4)
  8 gnolls (D:3)
  3 adders
  A dart slug (D:3)
  8 endoplasms
  A giant cockroach (D:4)
  8 goblins
  6 hobgoblins
  7 jackals
  3 quokkas
  6 ball pythons
  5 bats
  6 frilled lizards
  6 kobolds
  6 rats
84 creatures vanquished.

Vanquished Creatures (collateral kills)
  An adder (D:4)
  2 goblins (D:4)
  A hobgoblin (D:4)
4 creatures vanquished.

Vanquished Creatures (others)
  A goblin (D:4)
1 creature vanquished.

Grand Total: 89 creatures vanquished

Notes
Turn   | Place    | Note
-------+----------+-------------------------------------------
     0 | D:1      | javelincjr the Minotaur Berserker began the quest for the
                  | Orb.
     0 | D:1      | Reached XP level 1. HP: 19/19 MP: 0/0
   179 | D:1      | Reached XP level 2. HP: 27/27 MP: 1/1
   629 | D:2      | Identified the +3 ring mail of Lugonu's Pride {Str+7}
   704 | D:2      | Reached skill level 4 in Fighting
   717 | D:2      | Found Nylat's General Store.
   723 | D:2      | Found a faded altar of an unknown god.
  1271 | D:2      | Reached XP level 3. HP: 33/33 MP: 2/2
  1386 | D:3      | Noticed Grinder
  1398 | D:3      | Paralysed by Grinder for 2 turns
  1408 | D:3      | Killed Grinder
  1409 | D:3      | Reached skill level 5 in Fighting
  1409 | D:3      | Reached XP level 4. HP: 24/42 MP: 3/3
  1409 | D:3      | Reached XP level 5. HP: 28/49 MP: 4/4
  1574 | D:3      | Reached ** piety under Trog
  1579 | D:3      | Reached XP level 6. HP: 39/57 MP: 5/5
  1698 | D:3      | Reached skill level 5 in Axes
  1701 | D:3      | Reached skill level 6 in Fighting
  1905 | D:2      | Bought an orb of mayhem for 130 gold pieces
  2046 | D:3      | Noticed Terence
  2050 | D:3      | Killed Terence
  2168 | D:3      | Noticed Sigmund
  2178 | D:3      | Killed Sigmund
  2179 | D:3      | Reached skill level 1 in Evocations
  2179 | D:3      | Reached XP level 7. HP: 64/64 MP: 6/6
  2231 | D:3      | Found a runed translucent door.
  2232 | D:3      | Noticed Crazy Yiuf
  2246 | D:3      | Killed Crazy Yiuf
  2635 | D:4      | Found an opulent altar of Gozag.
  2644 | D:4      | Noticed Robin
  2656 | D:4      | Killed Robin
  2776 | D:4      | Reached skill level 7 in Fighting
  2813 | D:4      | Found a sparkling altar of Nemelex Xobeh.
  2818 | D:4      | Noticed Dowan
  2832 | D:4      | Killed Dowan
  2833 | D:4      | Reached skill level 5 in Armour
  2833 | D:4      | Noticed Duvessa
  2842 | D:4      | Mangled by Duvessa

Illustrated notes

Levels and vault maps discovered:
D:1:      roderic_dead_forest, layout_rooms, minmay_misc_feat_enclosed
D:2:      layout_basic, serial_shops, shop,
          hellmonk_ecumenical_altar_leap_of_faith
D:3:      layout_rooms, kennysheep_generic_room_4, uniq_grinder, uniq_sigmund,
          uniq_terence, uniq_crazy_yiuf_cottage
D:4:      layout_cave_pools, nicolae_gozag_seed_capital, general_overflow_altar,
          uniq_duvessa, uniq_robin

Skill      XL: |  1  2  3  4  5  6  7 |
---------------+----------------------+-----
Fighting       | 4 5 6 7 |  7.2
Axes           | 4 5 |  5.7
Armour         | 3 4 5 |  5.0
Dodging        | 3 4 |  4.4
Evocations     | 1 |  1.6

Action                     |  1- 3 |  4- 6 |  7- 9 || total
---------------------------+-------+-------+-------++-------
  Melee: Hand axe          |    32 |       |       ||    32
         Headbutt          |     6 |    10 |     7 ||    23
         Dagger            |    40 |    41 |       ||    81
         War axe           |       |    14 |    62 ||    76
  Throw: Dart              |     1 |     3 |       ||     4
 Invoke: Berserk           |     1 |     1 |     1 ||     3
         Trog's Hand       |       |       |     1 ||     1
    Use: Potion            |       |       |     1 ||     1
   Stab: Distracted        |       |       |     1 ||     1
 Armour: Animal skin       |    18 |       |       ||    18
         Ring mail         |    38 |    44 |    56 ||   138
  Dodge: Dodged            |    36 |    31 |    42 ||   109

Table legend: (Time is in decaauts)
 A = Elapsed time spent in this place.
 B = Non-inter-level travel time spent in this place.
 C = Inter-level travel time spent in this place.
 D = Time resting spent in this place.
 E = Time spent auto-exploring this place.
 F = Levels seen in this place.
 G = Mean time per level.
                   A        B        C        D        E       F      G
               +--------+--------+--------+--------+--------+-----+--------+
         Total |   2896 |   2803 |     93 |     40 |   2165 |   4 |  724.0 |
       Dungeon |   2896 |   2803 |     93 |     40 |   2165 |   4 |  724.0 |
               +--------+--------+--------+--------+--------+-----+--------+

Top non-repeatable levels by time:
     D:3: 1171 daAuts
     D:2: 835 daAuts
     D:1: 533 daAuts
     D:4: 355 daAuts
